Match 44250828
Unlisted

Match 44250828
End
Panzerpioneer Squad
Panzerpioneer Squad
Selects Panzerjäger Kommand Battlegroup
Selects Mine Fields
250 Light Carrier
250 Light Carrier
Construct Light Support Kompanie
MG34 Team
Selects GrB 39 Grenade Launcher Requisition
Fire Support Elements
Vehicle Survival Package
Panzerjäger Mechanized Group
Flakvierling Half-track
Combat Half-tracks
Pak 38 Mechanized Group
Construct Panzerarmee Kommand
Emergency Repair Kits
Rapid Advance
Tungsten Core Ammunition
Selects Defensive Positions
Walking Stuka Rocket Launcher
Advanced Optics
Selects Butterfly Bomb Drop
Selects Crew Shock Tactics
Panzer III L Medium Tank
ManOfWar
ST Hélios | No Game No Life
STALKER4732
Devochkin
0
0

Comments sign in to comment!

No comments posted yet!